 Dungeon Crawl Stone Soup version 0.27-a0-1101-ge311f74 (webtiles) character file.

Game seed: 1163978799626687090

184 Nithhogg the Skirmisher (level 5, -3/42 HPs)
             Began as a Demonspawn Fighter on Apr 28, 2021.
             Was an Initiate of Qazlal.
             Slain by a small abomination (17 damage)
             ... on level 3 of the Dungeon.
             The game lasted 00:05:07 (2934 turns).

Nithhogg the Skirmisher (Demonspawn Fighter)        Turns: 2934, Time: 00:05:07

Health: -3/42      AC: 11    Str: 15 (17) XL:     5   Next: 36%
Magic:  7/7        EV:  2    Int:  6 (9)  God:    Qazlal [......]
Gold:   162        SH: 13    Dex: 12 (15) Spells: 4/4 levels left

rFire    . . .     SeeInvis .   a - +1 war axe
rCold    . . .     Faith    .   c - +0 kite shield
rNeg     . . .     Spirit   .   f - +0 plate armour
rPois    +         Reflect  +   (no helmet)
rElec    .         Harm     .   (no cloak)
rCorr    .         Rampage  .   (no gloves)
Will     .....                  (no boots)
Stlth    ..........             e - amulet of reflection
HPRegen  0.14/turn              l - ring of poison resistance
MPRegen  0.10/turn              (no ring)

@: mighty
A: thin skeletal structure 1, ignite blood 1
a: Renounce Religion


You were on level 3 of the Dungeon.
You worshipped Qazlal.
Qazlal was noncommittal.
You visited 1 branch of the dungeon, and saw 4 of its levels.

You collected 162 gold pieces.

Inventory:

Hand Weapons
 a - a +1 war axe (weapon)
Armour
 c - a +0 kite shield (worn)
 f - a +0 plate armour (worn)
Jewellery
 e - an amulet of reflection (around neck)
 g - a ring of fire
 l - a ring of poison resistance (left hand)
Scrolls
 h - 2 scrolls of enchant weapon
 k - a scroll of teleportation
 q - a scroll of amnesia
Potions
 i - a potion of flight {unknown}
 j - a potion of degeneration
 n - a potion of mutation {unknown}
 o - a potion of magic {unknown}
 p - 2 potions of curing
 r - 2 potions of heal wounds {unknown}
 s - a potion of ambrosia {unknown}


   Skills:
 + Level 4.0 Fighting
 + Level 3.0 Axes
 + Level 3.5 Armour
 - Level 0.2 Dodging
 - Level 2.6 Shields
 + Level 3.0 Invocations


You had 4 spell levels left.
You didn't know any spells.
Your spell library was empty.

Dungeon Overview and Level Annotations

Branches:
Dungeon (4/15)
 Temple: D:4-7

Altars:
Dithmenos
Gozag
Qazlal
The Shining One

Portals:
Abyss: D:3

Annotations:
D:3 1 transporter


Innate Abilities, Weirdness & Mutations

You have a somewhat thin skeletal structure. (Dex +2, Stealth+)
Your demonic aura sometimes causes spilled blood to erupt in flames


Message History

Skewfiend's ghost mumbles some strange words.
You are struck by an arc of lightning.
* * * LOW HITPOINT WARNING * * *
Skewfiend's ghost is struck by an arc of lightning.
You are struck by an arc of lightning.
* * * LOW HITPOINT WARNING * * *
Skewfiend's ghost is struck by an arc of lightning.
Skewfiend's ghost is destroyed!
You are struck by an arc of lightning.
* * * LOW HITPOINT WARNING * * *
The lightning grounds out.
Your Fighting skill increases to level 4!
Your Axes skill increases to level 3!
Your Invocations skill increases to level 3!
You have reached level 5!
A kobold is nearby!
It was a potion of degeneration.
There was something very wrong with that liquid.
You feel weakened.
You feel dopey.
You feel clumsy.
The kobold shouts!
It was a potion of curing.
You feel better.
You closely miss the kobold. You block the kobold's attack.
A small abomination comes into view.
You slash the kobold!
You kill the kobold!
Qazlal accepts your kill.
Things that are here:
a +1 whip of distortion; a kobold corpse You closely miss the small abomination.
The small abomination hits you but does no damage.
You slash the small abomination!
The small abomination is moderately damaged.
You block the small abomination's attack.
You slash the small abomination!
The small abomination is almost destroyed.
The small abomination hits you!
* * * LOW HITPOINT WARNING * * *
The small abomination hits you but does no damage.
You feel better. The small abomination hits you!
You die...

#####..######...#.
#...#
##.....##..#.##♣...#
##......#.##.#....##
##..###..##...#....#
#..##$##..#...##...#
#.## .(#.##.#..##..#
#.## ..###.x).#.#..#
#..##∩......##x.#♣.#
##.©#K.#..##.@.#©#.#
#..#x#.##..○###.#.#
##.##.##♣#.♣#.#♣#.#
#..#♣#(.###......#
##..........######
############


You could see a small abomination.

Vanquished Creatures
  3 adders
  3 worms
  3 dart slugs
  An orc (D:3)
  5 bats
  An endoplasm (D:1)
  5 giant cockroaches
  4 goblins
  5 hobgoblins (D:2)
  2 jackals (D:4)
  4 quokkas
  5 ball pythons
  A frilled lizard (D:2)
  8 kobolds
  7 rats
57 creatures vanquished.

Vanquished Creatures (others)
  The ghost of skewfiend the Gusty, an amateur TeAE (D:3)
  A plant (D:1)
2 creatures vanquished.

Grand Total: 59 creatures vanquished

Notes
Turn   | Place    | Note
-------+----------+-------------------------------------------
     0 | D:1      | Nithhogg the Demonspawn Fighter began the quest for the
                  | Orb.
     0 | D:1      | Reached XP level 1. HP: 18/18 MP: 1/1
    89 | D:1      | Reached skill level 1 in Invocations
    89 | D:1      | Gained mutation: You have a somewhat thin skeletal
                  | structure. (Dex +2, Stealth+) [demonic ancestry]
    89 | D:1      | Reached XP level 2. HP: 23/24 MP: 2/2
   992 | D:2      | Reached XP level 3. HP: 28/29 MP: 4/4
  1564 | D:2      | Gained mutation: Your demonic aura sometimes causes spilled
                  | blood to erupt in flames [demonic ancestry]
  1564 | D:2      | Reached XP level 4. HP: 35/35 MP: 5/5
  1914 | D:3      | Found a stormy altar of Qazlal.
  1922 | D:3      | Became a worshipper of Qazlal Stormbringer
  2051 | D:3      | Found a transporter.
  2072 | D:3      | Noticed skewfiend's ghost (amateur TeAE)
  2074 | D:3      | Found a one-way gate to the infinite horrors of the Abyss.
  2108 | D:3      | Found a transporter.
  2349 | D:3      | Found a shadowy altar of Dithmenos.
  2601 | D:3      | Found a faded altar of an unknown god.
  2717 | D:3      | Found an opulent altar of Gozag.
  2907 | D:3      | Killed skewfiend's ghost
  2908 | D:3      | Reached skill level 4 in Fighting
  2908 | D:3      | Reached XP level 5. HP: 9/42 MP: 5/7
  2934 | D:3      | Slain by a small abomination

Illustrated notes

Levels and vault maps discovered:
D:1:      dpeg_arrival_tiny_h, layout_basic, serial_forest,
          infiniplex_forest_pool, infiniplex_forest_straight_5,
          infiniplex_forest_lined_2, infiniplex_forest_end_2,
          infiniplex_forest_end_1, infiniplex_forest_zigzag_1,
          infiniplex_forest_corner_1, infiniplex_forest_lined_corner,
          infiniplex_forest_lined_corner, infiniplex_forest_split
D:2:      layout_loops_cross
D:3:      layout_basic, lemuel_doored_altar, grunt_gozag_breadcrumbs,
          nicolae_qazlal_scattered_showers, nicolae_dithmenos_the_darkroom,
          gammafunk_ghost_abyssal_escape,
          hellmonk_ecumenical_altar_inner_sanctum, corexii_corridor_pit
D:4:      layout_basic, lemuel_round_altar, general_overflow_altar

Skill      XL: |  1  2  3  4 |
---------------+-------------+-----
Axes           | 2 3 |  3.0
Invocations    | 1 3 |  3.0
Armour         | 3 |  3.5
Fighting       | 4 |  4.0
Dodging        | |  0.2
Shields        | |  2.6

Action                   |  1- 3 |  4- 6 || total
-------------------------+-------+-------++-------
Melee: War axe           |   155 |    66 ||   221
  Use: Scroll            |       |     3 ||     3
       Potion            |       |     4 ||     4
Armor: Scale mail        |    10 |       ||    10
       Plate armour      |    91 |    28 ||   119
Dodge: Dodged            |    20 |     1 ||    21
Block: Kite shield       |   129 |    48 ||   177

Table legend: (Time is in decaauts)
 A = Elapsed time spent in this place.
 B = Non-inter-level travel time spent in this place.
 C = Inter-level travel time spent in this place.
 D = Time resting spent in this place.
 E = Time spent auto-exploring this place.
 F = Levels seen in this place.
 G = Mean time per level.
                   A        B        C        D        E       F      G
               +--------+--------+--------+--------+--------+-----+--------+
         Total |   3071 |   2979 |     92 |      0 |   2367 |   4 |  767.8 |
       Dungeon |   3071 |   2979 |     92 |      0 |   2367 |   4 |  767.8 |
               +--------+--------+--------+--------+--------+-----+--------+

Top non-repeatable levels by time:
     D:2: 1040 daAuts
     D:3: 1036 daAuts
     D:1: 978 daAuts
     D:4: 16 daAuts
